 Dungeon Crawl Stone Soup version bcrawl-1.20 (webtiles) character file.

Game seed: 17011859114658351862

42 Freyura the Unweaver (level 3, -1/29 HPs)
             Began as a Demonspawn Abyssal Knight on Jan 20, 2020.
             Was a Follower of Lugonu.
             Slain by a kobold (4 damage)
             ... on level 2 of the Dungeon.
             The game lasted 00:02:53 (1248 turns).

Freyura the Unweaver (Demonspawn Abyssal Knight)    Turns: 1248, Time: 00:02:53

Health: -1/29      AC:  6    Str: 12    XL:     3   Next: 35%
Magic:  5/5        EV: 11    Int: 13    God:    Lugonu [*.....]
Gold:   100        SH:  0    Dex: 13    Spells: 2/2 levels left

rFire    . . .     SeeInvis .   a - +1 mace
rCold    . . .     Gourm    .   (no shield)
rNeg     . . .     Faith    .   b - +0 leather armour
rPois    .         Spirit   .   (no helmet)
rElec    .         Reflect  .   (no cloak)
rCorr    .         Harm     .   d - +0 pair of gloves
MR       .....                  (no boots)
Stlth    +.........             i - amulet of regeneration
HPRegen  0.49/turn              (no ring)
MPRegen  0.09/turn              (no ring)

@: slowed, very slow
A: icy blue scales 1
a: Depart the Abyss, Bend Space, Renounce Religion


You were on level 2 of the Dungeon.
You worshipped Lugonu.
Lugonu was aware of your devotion.
You were not hungry.

You visited 1 branch of the dungeon, and saw 2 of its levels.
You visited the Abyss 1 time.

You collected 100 gold pieces.

Inventory:

Hand Weapons
 a - a +1 mace (weapon)
Missiles
 c - 290 stones (quivered)
Armour
 b - a +0 leather armour (worn)
 d - a +0 pair of gloves (worn)
Jewellery
 i - an amulet of regeneration (around neck)
Scrolls
 f - 4 scrolls of identify
Potions
 g - a potion of haste {unknown}
 h - a potion of magic {unknown}
 j - a potion of might {unknown}
 k - a potion of agility {unknown}
 l - a potion of brilliance {unknown}
 m - a potion of invisibility {unknown}
Comestibles
 e - 2 rations {!d}


   Skills:
 + Level 3.2 Fighting
 * Level 2.5 Maces & Flails
 + Level 2.1 Armour
 + Level 1.3 Dodging
 + Level 3.2 Invocations


You had 2 spell levels left.
You didn't know any spells.
Your spell library was empty.

Dungeon Overview and Level Annotations

Branches:
Dungeon (2/12)

Altars:


Innate Abilities, Weirdness & Mutations

You are partially covered in icy blue scales. (AC +2)


Message History

* * * LOW HITPOINT WARNING * * *
The orc barely misses you.
You barely miss the orc.
The orc is almost dead.
The orc wizard casts a spell at you.
You feel as though you will be slow longer.
The kobold closely misses you.
The orc wizard gestures at you while chanting.
The magic dart hits you!
* * * LOW HITPOINT WARNING * * *
The orc completely misses you. The kobold misses you.
The worm bites you but does no damage.
The orc wizard gestures wildly while chanting.
The orc wizard blinks!
The orc barely misses you.
You hit the orc.
You kill the orc!
Lugonu accepts your kill.
The orc wizard gestures wildly while chanting.
The orc wizard blinks!
The kobold hits you.
You die...

#' #.......#####..
#####'####.......##.....
#.......##.......#......
#.......##.......#......
#......§##.......#..†...
#.......##.......#......
#...o..[##..)†...#......
#.....Kw##.......#......
#......@)'.......##'####
##########.......##.# #
#.......##.# #
#.......##.# #
#####'####.# # #......#
# ######## # # #


You could see a worm, an orc wizard and a kobold.

Vanquished Creatures
  A worm (D:2)
  A dart slug (D:1)
  A leopard gecko (D:1)
  2 orcs (D:2)
  A giant cockroach (D:2)
  5 hobgoblins
  3 jackals (D:2)
  2 bats (D:1)
  A frilled lizard (D:2)
  11 kobolds
  7 rats
35 creatures vanquished.

Vanquished Creatures (others)
  10 toadstools (D:2)
10 creatures vanquished.

Grand Total: 45 creatures vanquished

Notes
Turn   | Place    | Note
-------+----------+-------------------------------------------
     0 | Abyss:1  | Freyura the Demonspawn Abyssal Knight began the quest for
                  | the Orb.
     0 | Abyss:1  | Reached XP level 1. HP: 18/18 MP: 2/2
    72 | Abyss:1  | Found a shadowy altar of Dithmenos.
    76 | Abyss:1  | Noticed an efreet
    77 | D:1      | Escaped the Abyss
   232 | D:1      | Reached * piety under Lugonu
   366 | D:1      | Reached skill level 1 in Dodging
   378 | D:1      | Gained mutation: You are partially covered in icy blue
                  | scales. (AC +2) [demonic ancestry]
   378 | D:1      | Reached XP level 2. HP: 24/24 MP: 4/4
  1043 | D:2      | Reached XP level 3. HP: 26/29 MP: 5/5
  1248 | D:2      | Slain by a kobold

Skill      XL: |  1  2 |
---------------+-------+-----
Dodging        | 1 |  1.3
Maces & Flails | 2 |  2.5
Invocations    | 3 |  3.2
Armour         | 2 |  2.1
Fighting       | |  3.2

Action                   || total
-------------------------++-------
Melee: Mace              ||   152
Invok: Depart the Abyss  ||     1
  Use: Scroll            ||     1
  Eat: Chunk             ||     1
Armor: Leather armour    ||    70
Dodge: Dodged            ||   151
